 Dungeon Crawl Stone Soup version 0.29-a0-330-g52719c12eb (webtiles) character file.

Game seed: 7061177684888468347

52 kae the Sneak (level 3, -3/17 HPs)
             Began as a Spriggan Enchanter on Apr 20, 2022.
             Slain by a worm (10 damage)
             ... on level 2 of the Dungeon.
             The game lasted 00:01:08 (1223 turns).

kae the Sneak (Spriggan Enchanter)                  Turns: 1223, Time: 00:01:08

Health: -3/17      AC:  2    Str:  6    XL:     3   Next: 60%
Magic:  7/8        EV: 17    Int: 16    God:
Gold:   0          SH:  0    Dex: 15    Spells: 6/8 levels left

rFire   . . .      SeeInvis +   i - +4 dagger (venom)
rCold   . . .      Faith    .   (no shield)
rNeg    . . .      Spirit   .   b - +0 robe
rPois   .          Reflect  .   (helmet restricted)
rElec   .          Harm     .   (no cloak)
rCorr   .          Rampage  .   (gloves unavailable)
Will    .....                   (boots unavailable)
Stlth   +++.......              (no amulet)
HPRegen 0.05/turn               e - ring of wizardry
MPRegen 0.11/turn               (no ring)

@: very quick
A: very small, no large weapons, unfitting armour, see invisible, speed 3
a: no special abilities


You were on level 2 of the Dungeon.
You visited 1 branch of the dungeon, and saw 2 of its levels.

Inventory:

Hand Weapons
 a - a +1 dagger
 i - a +4 dagger of venom (weapon)
Armour
 b - a +0 robe (worn)
Jewellery
 e - a ring of wizardry (left hand)
Scrolls
 h - a scroll of teleportation
Potions
 c - 2 potions of invisibility
 d - 3 potions of heal wounds {unknown}
 f - a potion of berserk rage {unknown}
 k - a potion of might {unknown}


   Skills:
 + Level 0.6 Fighting
 * Level 2.4 Short Blades
 + Level 3.2 Dodging
 + Level 4.8 Stealth
 + Level 3.1 Spellcasting
 + Level 3.9 Hexes


You had 6 spell levels left.
You knew the following spells:

 Your Spells              Type           Power      Damage    Failure   Level
a - Ensorcelled Hibernat  Hex/Ice        16%        N/A       4%          2

Your spell library contained the following spells:

 Spells                   Type           Power      Damage    Failure   Level
 Confusing Touch          Hex            15%        N/A       4%          3
 Tukima's Dance           Hex            15%        N/A       4%          3
 Dazzling Flash           Conj/Hex       16%        N/A       10%         3


Dungeon Overview and Level Annotations

Branches:
Dungeon (2/15)

Altars:


Innate Abilities, Weirdness & Mutations

You are very small and have problems with some larger weapons.
You are too small for most types of armour.
You have supernaturally acute eyesight. (SInv)
You cover ground extremely quickly. (Speed+++)


Message History

The kobold completely misses you.
Your Spellcasting skill increases to level 3!
You have reached level 3!
Your experience leads to an increase in your attributes!
Increase (S)trength, (I)ntelligence, or (D)exterity?
You feel stronger. x2
There is a stone staircase leading down here.
You hit the kobold.
You kill the kobold!
The goblin completely misses you.
You hit the kobold.
The kobold is poisoned.
The kobold is severely wounded.
The kobold hits you with a +0 short sword.
The goblin barely misses you.
You hit the kobold.
You kill the kobold!
The goblin hits you with a +0 dagger. The goblin hits you with a +0 dagger.
You are too injured to fight recklessly!
The goblin hits you with a +0 dagger.
There is a stone staircase leading down here.
Items here: )) ? †.
You are too injured to fight recklessly!
You are too injured to fight recklessly!
You are too injured to fight recklessly!
You are too injured to fight recklessly!
You are too injured to fight recklessly!
You are too injured to fight recklessly!
You puncture the goblin!
You kill the goblin!
You barely miss the worm. You hit the worm.
The worm is poisoned.
The worm is moderately wounded.
The worm misses you.
You hit the worm.
The worm looks as sick as possible!
The worm is heavily wounded.
A worm comes into view.
The worm bites you!
Ouch! That really hurt!
You die...

#...†......# #.....<.)..#
#..........# #......†...#
#.......)..# #..........#
#..........# ####
########..........#
.....##.....>@..........#
............w####..###..#
..............# #..# #..
......).......# .##
..............#
.........$....#
................
...>.......w.....
..[..........#..#


You could see 2 worms.

Vanquished Creatures
  Jessica (D:2)
  A dart slug (D:1)
  4 ball pythons (D:1)
  4 giant cockroaches
  3 hobgoblins (D:1)
  6 kobolds
  A frilled lizard (D:2)
  A goblin (D:2)
  3 rats (D:1)
24 creatures vanquished.

Vanquished Creatures (others)
  2 fungi (D:1)
2 creatures vanquished.

Grand Total: 26 creatures vanquished

Notes
Turn   | Place    | Note
-------+----------+-------------------------------------------
     0 | D:1      | kae the Spriggan Enchanter began the quest for the Orb.
     0 | D:1      | Reached XP level 1. HP: 9/9 MP: 5/5
   323 | D:1      | Reached XP level 2. HP: 3/13 MP: 6/6
   341 | D:1      | Learned a level 2 spell: Ensorcelled Hibernation
   426 | D:1      | Found a faded altar of an unknown god.
  1197 | D:2      | Noticed Jessica
  1204 | D:2      | Killed Jessica
  1205 | D:2      | Reached XP level 3. HP: 14/17 MP: 6/8
  1223 | D:2      | Slain by a worm

Illustrated notes

Levels and vault maps discovered:
D:1:      dpeg_arrival_arbitrary_a, layout_basic,
          shapermc_ecumenical_altar_petra, minmay_statues_item, minmay_cut_off
D:2:      layout_rooms, uniq_jessica

Skill      XL: |  1  2 |
---------------+-------+-----
Short Blades   | 2 |  2.4
Dodging        | 3 |  3.2
Spellcasting   | 3 |  3.1
Fighting       | |  0.6
Stealth        | |  4.8
Hexes          | |  3.9

Action                   || total
-------------------------++-------
Melee: Dagger            ||    60
 Cast: Ensorcelled Hiber ||     6
  Use: Scroll            ||     5
 Stab: Sleeping          ||     9
Armor: Robe              ||     5
Dodge: Dodged            ||    33

Table legend: (Time is in decaauts)
 A = Elapsed time spent in this place.
 B = Non-inter-level travel time spent in this place.
 C = Inter-level travel time spent in this place.
 D = Time resting spent in this place.
 E = Time spent auto-exploring this place.
 F = Levels seen in this place.
 G = Mean time per level.
                   A        B        C        D        E       F      G
               +--------+--------+--------+--------+--------+-----+--------+
         Total |    943 |    923 |     20 |    256 |    467 |   2 |  471.5 |
       Dungeon |    943 |    923 |     20 |    256 |    467 |   2 |  471.5 |
               +--------+--------+--------+--------+--------+-----+--------+

Top non-repeatable levels by time:
     D:1: 890 daAuts
     D:2: 53 daAuts
